 Dungeon Crawl Stone Soup version 0.28-a0-514-g0d7ab7f379 (webtiles) character file.

Game seed: 4837416955775995683

60 avis the Skirmisher (level 4, -1/45 HPs)
             Began as an Ogre Transmuter on Sept 23, 2021.
             Succumbed to Robin's poison
             ... on level 3 of the Dungeon.
             The game lasted 00:10:57 (1443 turns).

avis the Skirmisher (Ogre Transmuter)               Turns: 1443, Time: 00:10:58

Health: -1/45      AC:  3    Str: 11 (14) XL:     4   Next: 6%
Magic:  7/7        EV:  9    Int: 13 (15) God:
Gold:   69         SH:  0    Dex:  8 (9)  Spells: 3/7 levels left

rFire   . . .      SeeInvis .   a - +2 whip (freeze)
rCold   . . .      Faith    .   (no shield)
rNeg    . . .      Spirit   .   h - +0 robe
rPois   .          Reflect  .   (helmet currently unavailable)
rElec   .          Harm     .   (no cloak)
rCorr   .          Rampage  .   (gloves unavailable)
Will    .....                   (boots unavailable)
Stlth   +.........              (no amulet)
HPRegen 0.15/turn               (no ring)
MPRegen 0.10/turn               (no ring)

@: lethally poisoned (-1 -> -7), about to teleport, appendages (expiring)
A: horns 2, talons 2, large, unfitting armour, tough skin 1
a: End Transformation


You were on level 3 of the Dungeon.
You had temporarily grown beastly horns and talons.
You visited 1 branch of the dungeon, and saw 3 of its levels.

You collected 69 gold pieces.

Inventory:

Hand Weapons
 a - a +2 whip of freezing (weapon)
 b - a +0 hunting sling
Missiles
 e - 8 atropa-tipped darts
 f - 48 bolts
 g - 68 stones
 i - 28 poisoned darts
 k - 23 arrows
Armour
 h - a +0 robe (worn)
Scrolls
 j - a scroll of fog {unknown}


   Skills:
 - Level 3.0 Fighting
 - Level 2.0 Dodging
 - Level 3.0 Unarmed Combat
 - Level 2.4 Spellcasting
 - Level 2.0 Transmutations
 * Level 1.9 Poison Magic


You had 3 spell levels left.
You knew the following spells:

 Your Spells              Type           Power      Damage    Failure   Level
a - Beastly Appendage     Tmut           12%        N/A       11%         1
p - Spider Form           Tmut/Pois      3%         N/A       32%         3

Your spell library contained the following spells:

 Spells                   Type           Power      Damage    Failure   Level
 Wereblood                Tmut           6%         N/A       16%         2
 Ice Form                 Ice/Tmut       4%         N/A       85%         4


Dungeon Overview and Level Annotations

Branches:
Dungeon (2/15)

Altars:

Annotations:
D:3 Robin


Innate Abilities, Weirdness & Mutations

You have temporarily grown beastly horns and talons.
You are too large for most types of armour.
You have tough skin. (AC +1)


Message History

The goblin no longer looks unusually strong.
The goblin barely misses you.
A goblin comes into view. It is wielding a +0 dagger.
You hear a shout!
You are too confused!
You are too confused!
Unknown command.
You bump into the rock wall.
Your transformation is almost over.
* * * LOW HITPOINT WARNING * * *
You feel very sick.
The goblin shouts!
You hear a shout!
The goblin barely misses you.
You bump into the rock wall.
* * * LOW HITPOINT WARNING * * *
You feel very sick. Robin hits you but does no damage.
The goblin hits you with a +0 club.
* * * LOW HITPOINT WARNING * * *
You bump into the rock wall.
You feel less invigorated.
You feel less confused.
* * * LOW HITPOINT WARNING * * *
You feel very sick.
Robin says, "Kneel, worm!"
Robin roars a battlecry!
The goblins go into a battle-frenzy!
The goblin hits you with a +0 club.
* * * LOW HITPOINT WARNING * * *
As you read the scroll labelled BIUNED XAAH, it crumbles to dust.
It is a scroll of identify.
d - a scroll of teleportation
* * * LOW HITPOINT WARNING * * *
You feel sick. The goblin closely misses you. Robin closely misses you.
As you read the scroll of teleportation, it crumbles to dust.
You feel strangely unstable.
* * * LOW HITPOINT WARNING * * *
You feel sick. The goblin hits you with a +0 club.
* * * LOW HITPOINT WARNING * * *
You barely miss Robin. Your kick misses Robin.
Robin is lightly wounded.
You die...

#.#.##...#...≈.≈.≈...#.# #.
#...#..≈.≈.≈.≈..#.# #.
#....#≈.≈...≈.≈#.## .## #.
#..##..≈.....≈.....
.....#.##..###.#....)#.####
g.........g# ##.#####.##
g#####.###g# ##.....## #.
#g# ####### .. #@#
#.########g# .gg.g.g..gg#
############


You could see Robin and 5 goblins.

Vanquished Creatures
  An adder (D:2)
  2 worms (D:2)
  4 bats
  3 endoplasms
  2 giant cockroaches
  6 goblins
  5 hobgoblins
  2 jackals (D:2)
  3 ball pythons
  6 kobolds
  10 rats (D:1)
44 creatures vanquished.

Notes
Turn   | Place    | Note
-------+----------+-------------------------------------------
     0 | D:1      | avis the Ogre Transmuter began the quest for the Orb.
     0 | D:1      | Reached XP level 1. HP: 19/19 MP: 3/3
   189 | D:1      | Reached XP level 2. HP: 29/29 MP: 1/5
   586 | D:1      | Reached XP level 3. HP: 37/37 MP: 4/6
   594 | D:1      | Learned a level 3 spell: Spider Form
  1156 | D:2      | Reached skill level 1 in Poison Magic
  1336 | D:2      | You fall into a shaft and drop 1 floor!
  1336 | D:3      | Found a faded altar of an unknown god.
  1376 | D:3      | Reached XP level 4. HP: 45/45 MP: 7/7
  1418 | D:3      | Noticed Robin
  1441 | D:3      | HP: 2/45 [poisoned by Robin]
  1443 | D:3      | Succumbed to Robin's poison

Illustrated notes

Levels and vault maps discovered:
D:1:      dpeg_arrival_tiny_a, layout_rooms, minmay_misc_feat_tiny,
          minmay_hexomino_f4
D:2:      layout_basic
D:3:      minmay_recursive_quarters, layout_loops_ring,
          shapermc_ecumenical_altar_starsandcircs, minmay_hedge_maze,
          uniq_robin, uniq_jessica

Skill      XL: |  1  2  3 |
---------------+----------+-----
Fighting       | 2 3 |  3.0
Unarmed Combat | 3 |  3.0
Transmutations | 2 |  2.0
Dodging        | 2 |  2.0
Poison Magic   | 1 |  1.9
Spellcasting   | |  2.4

Action                   |  1- 3 |  4- 6 || total
-------------------------+-------+-------++-------
Melee: Unarmed           |    67 |       ||    67
       Headbutt          |     6 |     1 ||     7
       Whip              |    38 |    13 ||    51
       Kick              |    10 |     2 ||    12
       Punch             |     1 |     1 ||     2
 Cast: Beastly Appendage |    26 |     2 ||    28
       Spider Form       |     5 |       ||     5
  Use: Scroll            |       |     2 ||     2
       Potion            |       |     2 ||     2
Armor: Robe              |    26 |     3 ||    29
       Skin              |     1 |       ||     1
Dodge: Dodged            |    50 |    14 ||    64

Table legend: (Time is in decaauts)
 A = Elapsed time spent in this place.
 B = Non-inter-level travel time spent in this place.
 C = Inter-level travel time spent in this place.
 D = Time resting spent in this place.
 E = Time spent auto-exploring this place.
 F = Levels seen in this place.
 G = Mean time per level.
                   A        B        C        D        E       F      G
               +--------+--------+--------+--------+--------+-----+--------+
         Total |   1445 |   1400 |     45 |    473 |    437 |   3 |  481.7 |
       Dungeon |   1445 |   1400 |     45 |    473 |    437 |   3 |  481.7 |
               +--------+--------+--------+--------+--------+-----+--------+

Top non-repeatable levels by time:
     D:1: 899 daAuts
     D:2: 437 daAuts
     D:3: 109 daAuts
